 Dungeon Crawl Stone Soup version 0.29-a0-802-g34511f41fd (webtiles) character file.

Game seed: 17495016826120552199

207 lesbiats the Ducker (level 5, -22/41 HPs)
             Began as a Demonspawn Gladiator on July 3, 2022.
             Was a Follower of Ashenzari.
             Killed by an exploding orc wizard (30 damage)
             ... ignited by their inner flame
             ... on level 3 of the Dungeon.
             The game lasted 00:22:09 (2147 turns).

lesbiats the Ducker (Demonspawn Gladiator)          Turns: 2147, Time: 00:22:12

Health: -22/41     AC: 10    Str: 16    XL:     5   Next: 54%
Magic:  6/6        EV: 12    Int: 10    God:    Ashenzari [*.....]
Gold:   83         SH:  0    Dex: 14    Spells: 1/5 levels left

rFire   . . .      SeeInvis .   t - +4 quarterstaff "Share My Bitterness" {chaos, Fort, Comp} (curse)
rCold   . . .      Faith    .   (shield currently unavailable)
rNeg    . . .      Spirit   .   b - +0 leather armour
rPois   +          Reflect  .   c - +0 helmet
rElec   .          Harm     .   B - +0 cloak {rPois}
rCorr   .          Rampage  .   (no gloves)
Will    .....                   (no boots)
Stlth   +.........              (no amulet)
HPRegen 0.13/turn               e - +4 ring of protection
MPRegen 0.10/turn               (no ring)

@: no status effects
A: sharp scales 1, demonic magic 1, demonic touch 2
a: Renounce Religion, Shatter the Chains


You were on level 3 of the Dungeon.
You worshipped Ashenzari.
Ashenzari was aware of your devotion.
You visited 1 branch of the dungeon, and saw 3 of its levels.

You collected 83 gold pieces.

Inventory:

Hand Weapons
 a - a +0 trident
 t - the cursed +4 quarterstaff "Share My Bitterness" (weapon) {chaos, Fort, Comp}
   (You took it off Crazy Yiuf on level 2 of the Dungeon)

   Each time it hits an enemy it has a different, random effect.
   It has a curse which improves the following skills: Fortitude: Armour and
   Shields.
   Companions: Summonings and Necromancy.
 v - a +0 club
Missiles
 d - 3 throwing nets (quivered)
 f - 19 stones
 n - 3 silver javelins
Armour
 b - a +0 leather armour (worn)
 c - a +0 helmet (worn)
 i - a +0 plate armour
 k - a +0 chain mail
 l - a +0 barding
 q - a +0 scale mail
 x - a +0 leather armour
 y - a +0 robe
 B - a +0 cloak of poison resistance (worn)
Jewellery
 e - a +4 ring of protection (left hand)
Scrolls
 g - 3 scrolls of identify
 j - a scroll of brand weapon
 s - a scroll of fog
 w - 2 scrolls of teleportation
 C - a scroll of poison
 D - a scroll of vulnerability
Potions
 h - a potion of haste
 o - a potion of degeneration
 u - a potion of resistance
 z - a potion of attraction
 A - a potion of berserk rage


   Skills:
 + Level 3.0 Fighting
 - Level 3.1(3.3) Polearms
 * Level 1.5(2.5) Staves
 + Level 2.6 Throwing
 + Level 1.0(1.5) Armour
 + Level 3.4 Dodging
 + Level 1.1 Stealth
 + Level 0.7 Spellcasting
 + Level 0.2 Ice Magic


You had one spell level left.
You knew the following spells:

 Your Spells              Type           Power      Damage    Failure   Level
a - Apportation           Tloc           0%         N/A       41%         1
b - Freeze                Ice            0%         1d3       36%         1
c - Poisonous Vapours     Pois/Air       0%         N/A       54%         2

Your spell library contained the following spells:

 Spells                   Type           Power      Damage    Failure   Level
 Frozen Ramparts          Ice            0%         1d2       75%         3
 Summon Guardian Golem    Hex/Summ       0%         N/A       78%         3
 Corpse Rot               Necr/Pois/Air  0%         N/A       99%         4
 Hailstorm                Conj/Ice       0%         3d3       99%         4
 Alistair's Intoxication  Tmut/Pois      0%         N/A       100%        5
 Conjure Ball Lightning   Conj/Air       0%         3x3d6     100%        6
 Orb of Destruction       Conj           0%         9d5       100%        7
 Spellforged Servitor     Conj/Summ      0%         N/A       100%        7
 Discord                  Hex            0%         N/A       100%        8
 Disjunction              Tloc           0%         N/A       100%        8


Dungeon Overview and Level Annotations

Branches:
Dungeon (3/15)

Altars:
Ashenzari

Annotations:
D:2 Natasha
D:3 2 transporters, RancidPinata's ghost, amateur GrGl


Innate Abilities, Weirdness & Mutations

You are partially covered in razor-sharp scales. (AC +1, Slay +1)
Spells you cast may paralyse adjacent enemies.
Your touch may inflict irresistible damage on your foes.


Message History

The orc warrior hits you with a +0 trident!
You sock the orc wizard!
The orc wizard is heavily wounded.
The orc warrior hits you with a +0 trident.
The orc wizard barely misses you.
The orc wizard hits you but does no damage.
The orc warrior closely misses you.
You closely miss the orc wizard.
The orc wizard is heavily wounded.
The orc warrior barely misses you. The orc wizard barely misses you.
You barely miss the orc warrior.
The orc warrior hits you with a +0 trident.
* * * LOW HITPOINT WARNING * * *
The orc wizard hits you with a +0 dagger.
* * * LOW HITPOINT WARNING * * *
You feel much better.
The orc warrior hits you with a +0 trident!!
The orc wizard closely misses you.
As you read the scroll of immolation, it crumbles to dust.
The creatures around you are filled with an inner flame!
The orc warrior hits you with a +0 trident.
The orc wizard hits you with a +0 dagger.
You barely miss the orc warrior.
The orc warrior hits you with a +0 trident!
* * * LOW HITPOINT WARNING * * *
The orc wizard hits you but does no damage.
Throw: 4 javelins (silver)
Press: ? - help, Shift-Dir - straight line, f - endoplasm
Aim: an endoplasm (inner flame, 86% to hit)
You throw a silver javelin.
The silver javelin pierces through the orc wizard but does no damage.
Flame seeps out of the orc wizard.
The orc wizard is heavily wounded.
The silver javelin pierces through the endoplasm!
The endoplasm explodes!
The fiery explosion engulfs the orc wizard!!
The orc wizard explodes!
The fiery explosion engulfs you!!
Ouch! That really hurt!
You die...

##### #...##### #########
#........ (...§§○@#
#........ #######o#
#........ ##+#######.#
#........ .!.........#
###...... ...........#
#......
...........##########)...#.
.>..................)......
......).............####.#.
.....................# #.#.


You could see an orc warrior (inner flame, strong).

Vanquished Creatures
  An orc priest (D:3)
  Crazy Yiuf (D:2)
  Jessica (D:2)
  An orc wizard (D:3)
  Natasha (D:2)
  5 adders
  3 dart slugs
  5 orcs (D:3)
  5 ball pythons
  2 bats
  5 endoplasms
  5 hobgoblins
  4 quokkas
  A frilled lizard (D:3)
  2 goblins
  6 kobolds
  A rat (D:2)
49 creatures vanquished.

Vanquished Creatures (collateral kills)
  A goblin (D:2)
1 creature vanquished.

Vanquished Creatures (others)
  3 fungi (D:2)
3 creatures vanquished.

Grand Total: 53 creatures vanquished

Notes
Turn   | Place    | Note
-------+----------+-------------------------------------------
     0 | D:1      | lesbiats the Demonspawn Gladiator began the quest for the
                  | Orb.
     0 | D:1      | Reached XP level 1. HP: 16/16 MP: 1/1
   297 | D:1      | Gained mutation: Your touch may inflict minor irresistible
                  | damage on your foes. [demonic ancestry]
   297 | D:1      | Reached XP level 2. HP: 22/22 MP: 2/2
   661 | D:2      | Gained mutation: Your touch may inflict irresistible damage
                  | on your foes. [demonic ancestry]
   661 | D:2      | Reached XP level 3. HP: 18/28 MP: 3/3
   959 | D:2      | Found a runed translucent door.
   960 | D:2      | Noticed Crazy Yiuf
   965 | D:2      | Killed Crazy Yiuf
  1092 | D:2      | Noticed Natasha
  1104 | D:2      | Killed Natasha
  1105 | D:2      | Gained mutation: Spells you cast may paralyse adjacent
                  | enemies. [demonic ancestry]
  1105 | D:2      | Reached XP level 4. HP: 21/34 MP: 4/4
  1292 | D:2      | Noticed Natasha
  1356 | D:2      | Reached skill level 1 in Staves
  1678 | D:2      | Learned a level 1 spell: Apportation
  1680 | D:2      | Learned a level 1 spell: Freeze
  1684 | D:2      | Noticed Jessica
  1692 | D:2      | Killed Jessica
  1693 | D:2      | Gained mutation: You are partially covered in razor-sharp
                  | scales. (AC +1, Slay +1) [demonic ancestry]
  1693 | D:2      | Reached XP level 5. HP: 40/40 MP: 5/5
  1745 | D:2      | Found a faded altar of an unknown god.
  1756 | D:2      | Prayed at the altar of an unknown god.
  1756 | D:2      | Became a worshipper of Ashenzari the Shackled
  1779 | D:2      | Reached * piety under Ashenzari
  2010 | D:3      | Reached skill level 1 in Stealth
  2057 | D:3      | Learned a level 2 spell: Poisonous Vapours
  2072 | D:3      | Found a transporter.
  2072 | D:3      | Noticed RancidPinata's ghost (amateur GrGl)
  2077 | D:3      | Found a transporter.
  2125 | D:3      | Reached skill level 1 in Armour
  2134 | D:3      | Noticed an orc warrior
  2147 | D:3      | Killed by an exploding orc wizard... ignited by their inner
                  | flame

Illustrated notes

Levels and vault maps discovered:
D:1:      mrwooster_arrival_arrow, layout_basic
D:2:      layout_rooms, shapermc_ecumenical_altar_hornbeckon,
          minmay_misc_feat_iff, uniq_crazy_yiuf_cottage, uniq_natasha,
          uniq_jessica
D:3:      layout_basic, gammafunk_ghost_arena

Skill      XL: |  1  2  3  4  5 |
---------------+----------------+-----
Throwing       | 2 |  2.6
Polearms       | 3 |  3.1
Dodging        | 3 |  3.4
Staves         | 1 |  1.5
Fighting       | 3 |  3.0
Stealth        | 1 |  1.1
Armour         | 1 |  1.0
Spellcasting   | |  0.7
Ice Magic      | |  0.2

Action                   |  1- 3 |  4- 6 || total
-------------------------+-------+-------++-------
Melee: Trident           |    59 |       ||    59
       Touch             |     6 |       ||     6
       Quarterstaff      |     9 |    78 ||    87
Throw: Javelin           |     1 |     2 ||     3
Invok: Curse Item        |       |     1 ||     1
  Use: Scroll            |       |     3 ||     3
       Potion            |       |     2 ||     2
Armor: Leather armour    |     8 |    25 ||    33
       Plate armour      |    44 |    38 ||    82
Dodge: Dodged            |    25 |    35 ||    60

Table legend: (Time is in decaauts)
 A = Elapsed time spent in this place.
 B = Non-inter-level travel time spent in this place.
 C = Inter-level travel time spent in this place.
 D = Time resting spent in this place.
 E = Time spent auto-exploring this place.
 F = Levels seen in this place.
 G = Mean time per level.
                   A        B        C        D        E       F      G
               +--------+--------+--------+--------+--------+-----+--------+
         Total |   2183 |   2178 |      5 |    491 |    708 |   3 |  727.7 |
       Dungeon |   2183 |   2178 |      5 |    491 |    708 |   3 |  727.7 |
               +--------+--------+--------+--------+--------+-----+--------+

Top non-repeatable levels by time:
     D:2: 1344 daAuts
     D:1: 591 daAuts
     D:3: 248 daAuts
